| TOP OF THE 1ST |
|
Columbus Reds batting - Pitching for Paris Cubs : RHP Kichijo Robinson
|
|
Pitching: RHP Kichijo Robinson
|
|
|
Batting: LHB Alex Ramos
|
0-0: Swinging Strike 0-1: Ball 1-1: Ball 2-1: Ball 3-1: Base on Balls
|
|
Batting: RHB Tony Camacho
|
0-0: Ball 1-0: Ball 2-0: Foul Ball, location: 2F 2-1: Ball 3-1: Foul Ball, location: 2F 3-2: SINGLE (Flyball, 6MD, EV 91.2 MPH) Alex Ramos to second
|
|
Batting: RHB Aaron Barraza
|
0-0: Called Strike 0-1: SINGLE (Groundball, 6MD, EV 100.0 MPH) Alex Ramos to third Tony Camacho to second Runner from 3rd tries for Home, SAFE, throw by CF to home
|
|
Batting: RHB Matt Carman
|
0-0: Ball 1-0: Called Strike 1-1: Foul Ball, location: 2F 1-2: Foul Ball, location: 2F 1-2: Strikes out swinging
|
|
Batting: SHB Bill Dissette
|
0-0: Ball 1-0: Called Strike 1-1: Swinging Strike 1-2: Foul Ball, location: 2F 1-2: Fly out, F9 (Flyball, 89D, EV 89.4 MPH) Runner from 2nd tags up, SAFE at 3rd, no throw by RF
|
|
Batting: SHB Colin Black
|
0-0: Ground out 4-3 (Groundball, 34S, EV 84.4 MPH)
|
| Top of the 1st over - 1 run, 2 hits, 0 errors, 2 left on base; Columbus 1 - Paris 0 |
| BOTTOM OF THE 1ST |
|
Paris Cubs batting - Pitching for Columbus Reds : RHP Toyohiro Nakagawa
|
|
Pitching: RHP Toyohiro Nakagawa
|
|
|
Batting: RHB Willie Rubio
|
0-0: Ball 1-0: Ball 2-0: Ball 3-0: Base on Balls
|
|
Batting: RHB Michihisa Tanaka
|
0-0: Ball 1-0: Called Strike 1-1: Called Strike 1-2: Foul Ball, location: 2F 1-2: SINGLE (Line Drive, 89S, EV 90.6 MPH) Willie Rubio to second Throwing error, E9 Willie Rubio scores Michihisa Tanaka to second
|
|
Batting: LHB Jeremy Rideout
|
0-0: Ball 1-0: Fly out, F5 (Flyball, 5D, EV 88.8 MPH)
|
|
Batting: LHB David Mendez
|
0-0: Called Strike 0-1: Foul Ball, location: 2F 0-2: Ball 1-2: Foul Ball, location: 2F 1-2: Strikes out looking
|
|
Batting: RHB Jesus Resendez
|
0-0: Ball 1-0: Foul Ball, location: 2F 1-1: Ball 2-1: Swinging Strike 2-2: Strikes out swinging
|
| Bottom of the 1st over - 1 run, 1 hit, 1 error, 1 left on base; Columbus 1 - Paris 1 |
| TOP OF THE 2ND |
|
Columbus Reds batting - Pitching for Paris Cubs : RHP Kichijo Robinson
|
|
Batting: RHB Jorge Velez
|
0-0: Called Strike 0-1: Foul Ball, location: 2F 0-2: Foul Ball, location: 2F 0-2: Strikes out swinging
|
|
Batting: RHB Nick Partain
|
0-0: Ball 1-0: Ball 2-0: Called Strike 2-1: Fly out, F9 (Flyball, 9S, EV 86.9 MPH)
|
|
Batting: RHB Cornholdo Schwerin
|
0-0: Called Strike 0-1: Ball 1-1: Foul Ball, location: 2F 1-2: Strikes out swinging
|
| Top of the 2nd over - 0 runs, 0 hits, 0 errors, 0 left on base; Columbus 1 - Paris 1 |
| BOTTOM OF THE 2ND |
|
Paris Cubs batting - Pitching for Columbus Reds : RHP Toyohiro Nakagawa
|
|
Batting: LHB Cameron Marinelli
|
0-0: Swinging Strike 0-1: Called Strike 0-2: Ball 1-2: Ball 2-2: SINGLE (Line Drive, 7LS, EV 96.2 MPH)
|
|
Batting: RHB Jason Banks
|
0-0: Fly out, F3 (Line Drive, 3, EV 65.6 MPH)
|
|
Batting: LHB Bobby Marlatt
|
0-0: Called Strike 0-1: Foul Ball, location: 2F 0-2: SINGLE (Groundball, 4D, EV 97.5 MPH) Cameron Marinelli to second Runner from 2nd tries for 3rd, SAFE, no throw by CF
|
|
Batting: RHB Mike Prado
|
0-0: Ball 1-0: Called Strike 1-1: Ball 2-1: Ball 3-1: Swinging Strike 3-2: Grounds into double play, 6-4-3 (Groundball, 6M, EV 98.8 MPH)
|
| Bottom of the 2nd over - 0 runs, 2 hits, 0 errors, 1 left on base; Columbus 1 - Paris 1 |
| TOP OF THE 3RD |
|
Columbus Reds batting - Pitching for Paris Cubs : RHP Kichijo Robinson
|
|
Batting: LHB Alex Ramos
|
0-0: Foul Ball, location: 2F 0-1: Foul Ball, location: 2F 0-2: Ball 1-2: Foul Ball, location: 2F 1-2: Foul Ball, location: 2F 1-2: Ground out 1-3 (Groundball, 25, EV 68.8 MPH)
|
|
Batting: RHB Tony Camacho
|
0-0: Ball 1-0: Ball 2-0: Ball 3-0: Called Strike 3-1: Foul Ball, location: 2F 3-2: Foul Ball, location: 2F 3-2: Foul Ball, location: 2F 3-2: Fly out, F7 (Line Drive, 7S, EV 94.4 MPH)
|
|
Batting: RHB Aaron Barraza
|
0-0: Called Strike 0-1: Ball 1-1: Ball 2-1: Foul Ball, location: 2F 2-2: SINGLE (Line Drive, 6MD, EV 96.9 MPH)
|
|
Batting: RHB Matt Carman
|
0-0: Ball 1-0: Called Strike 1-1: Foul Ball, location: 2F 1-2: Ball Aaron Barraza steals 2nd base 2-2: Ball 3-2: Fly out, F8 (Flyball, 8LD, EV 86.9 MPH)
|
| Top of the 3rd over - 0 runs, 1 hit, 0 errors, 1 left on base; Columbus 1 - Paris 1 |
| BOTTOM OF THE 3RD |
|
Paris Cubs batting - Pitching for Columbus Reds : RHP Toyohiro Nakagawa
|
|
Batting: RHB Willie Rubio
|
0-0: Ball 1-0: SINGLE (Groundball, 6MS, EV 64.4 MPH) (infield hit)
|
|
Batting: RHB Michihisa Tanaka
|
0-0: Called Strike 0-1: Fly out, F7 (Flyball, 7LSF, EV 83.1 MPH)
|
|
Batting: LHB Jeremy Rideout
|
0-0: Swinging Strike 0-1: Called Strike Willie Rubio steals 2nd base 0-2: Ground out 1-3 (Groundball, 15S, EV 71.2 MPH)
|
|
Batting: LHB David Mendez
|
0-0: Called Strike 0-1: Ball 1-1: Foul Ball, location: 2F 1-2: Foul Ball, location: 2F 1-2: Strikes out looking
|
| Bottom of the 3rd over - 0 runs, 1 hit, 0 errors, 1 left on base; Columbus 1 - Paris 1 |
| TOP OF THE 4TH |
|
Columbus Reds batting - Pitching for Paris Cubs : RHP Kichijo Robinson
|
|
Batting: SHB Bill Dissette
|
0-0: Ball 1-0: Ground out 4-3 (Groundball, 4, EV 102.5 MPH)
|
|
Batting: SHB Colin Black
|
0-0: Foul Ball, location: 2F 0-1: Ball 1-1: Swinging Strike 1-2: Strikes out swinging
|
|
Batting: RHB Jorge Velez
|
0-0: Ball 1-0: Swinging Strike 1-1: Foul Ball, location: 2F 1-2: Ball 2-2: Strikes out looking
|
| Top of the 4th over - 0 runs, 0 hits, 0 errors, 0 left on base; Columbus 1 - Paris 1 |
| BOTTOM OF THE 4TH |
|
Paris Cubs batting - Pitching for Columbus Reds : RHP Toyohiro Nakagawa
|
|
Batting: RHB Jesus Resendez
|
0-0: Foul Ball, location: 2F 0-1: Called Strike 0-2: Ground out U3 (Groundball, 3L, EV 92.5 MPH)
|
|
Batting: LHB Cameron Marinelli
|
0-0: Called Strike 0-1: Ground out 5-3 (Groundball, 56S, EV 88.1 MPH)
|
|
Batting: RHB Jason Banks
|
0-0: Ball 1-0: Ball 2-0: Foul Ball, location: 2F 2-1: Foul Ball, location: 2F 2-2: Foul Ball, location: 2F 2-2: Ball 3-2: Foul Ball, location: 2F 3-2: Hit by Pitch
|
|
Batting: LHB Bobby Marlatt
|
0-0: Called Strike 0-1: Swinging Strike 0-2: Ball Jason Banks is caught stealing 2nd base 2-6
|
| Bottom of the 4th over - 0 runs, 0 hits, 0 errors, 0 left on base; Columbus 1 - Paris 1 |
| TOP OF THE 5TH |
|
Columbus Reds batting - Pitching for Paris Cubs : RHP Kichijo Robinson
|
|
Batting: RHB Nick Partain
|
0-0: Foul Ball, location: 2F 0-1: Ball 1-1: Swinging Strike 1-2: Fly out, F4 (Popup, 4MD, EV 51.2 MPH)
|
|
Batting: RHB Cornholdo Schwerin
|
0-0: Swinging Strike 0-1: Foul Ball, location: 2F 0-2: Fly out, F4 (Popup, 34D, EV 57.5 MPH)
|
|
Batting: LHB Alex Ramos
|
0-0: Ground out 5-3 (Groundball, 56, EV 88.8 MPH)
|
| Top of the 5th over - 0 runs, 0 hits, 0 errors, 0 left on base; Columbus 1 - Paris 1 |
| BOTTOM OF THE 5TH |
|
Paris Cubs batting - Pitching for Columbus Reds : RHP Toyohiro Nakagawa
|
|
Batting: LHB Bobby Marlatt
|
0-0: Ground out 4-3 (Groundball, 4, EV 88.1 MPH)
|
|
Batting: RHB Mike Prado
|
0-0: Ball 1-0: Ball 2-0: Called Strike 2-1: Ground out 4-3 (Groundball, 4, EV 100.0 MPH)
|
|
Batting: RHB Willie Rubio
|
0-0: Foul Ball, location: 2F 0-1: Foul Ball, location: 2F 0-2: Ball 1-2: Foul Ball, location: 2F 1-2: Strikes out swinging
|
| Bottom of the 5th over - 0 runs, 0 hits, 0 errors, 0 left on base; Columbus 1 - Paris 1 |
| TOP OF THE 6TH |
|
Columbus Reds batting - Pitching for Paris Cubs : RHP Kichijo Robinson
|
|
Batting: RHB Tony Camacho
|
0-0: Called Strike 0-1: Ball 1-1: Ball 2-1: SINGLE (Line Drive, 89S, EV 90.0 MPH)
|
|
Batting: RHB Aaron Barraza
|
0-0: Foul Ball, location: 2F 0-1: Ball 1-1: Ball 2-1: SINGLE (Line Drive, 7S, EV 104.4 MPH) Tony Camacho to second
|
|
Batting: RHB Matt Carman
|
0-0: Ball 1-0: Called Strike 1-1: Ball 2-1: Ball 3-1: SINGLE (Groundball, 56D, EV 95.6 MPH) Tony Camacho to third Aaron Barraza to second
|
|
Batting: SHB Bill Dissette
|
0-0: Grounds into double play, 4-6-3 (Groundball, 4, EV 76.9 MPH) Tony Camacho scores Aaron Barraza to third
|
|
Batting: SHB Colin Black
|
0-0: Ball 1-0: Ground out 6-3 (Groundball, 4M, EV 75.6 MPH)
|
| Top of the 6th over - 1 run, 3 hits, 0 errors, 1 left on base; Columbus 2 - Paris 1 |
| BOTTOM OF THE 6TH |
|
Paris Cubs batting - Pitching for Columbus Reds : RHP Toyohiro Nakagawa
|
|
Batting: RHB Michihisa Tanaka
|
0-0: Ball 1-0: Ball 2-0: Fly out, F9 (Line Drive, 9S, EV 88.1 MPH)
|
|
Batting: LHB Jeremy Rideout
|
0-0: Ball 1-0: Foul Ball, location: 2F 1-1: Swinging Strike 1-2: SINGLE (Flyball, 8LM, EV 90.6 MPH) - OUT at second base trying to stretch hit.
|
|
Batting: LHB David Mendez
|
0-0: Ball 1-0: Ball 2-0: Ball 3-0: Called Strike 3-1: SINGLE (Groundball, 34D, EV 96.2 MPH)
|
|
Batting: RHB Jesus Resendez
|
0-0: Reached on error, E6 (Groundball, 6, EV 78.1 MPH) David Mendez to second
|
|
Batting: LHB Cameron Marinelli
|
0-0: Called Strike 0-1: Ball 1-1: Ball 2-1: Foul Ball, location: 2F 2-2: Ball 3-2: Strikes out swinging
|
| Bottom of the 6th over - 0 runs, 2 hits, 1 error, 2 left on base; Columbus 2 - Paris 1 |
| TOP OF THE 7TH |
|
Columbus Reds batting - Pitching for Paris Cubs : RHP Kichijo Robinson
|
|
Pinch Hitting: RHB Matt Glover
|
0-0: Ball 1-0: Ball 2-0: Ball 3-0: Base on Balls
|
|
Batting: RHB Nick Partain
|
0-0: Called Strike 0-1: Ball 1-1: Called Strike 1-2: Strikes out swinging
|
|
Batting: RHB Cornholdo Schwerin
|
0-0: Ball 1-0: Swinging Strike Passed Ball! Matt Glover to second 1-1: Ball 2-1: Swinging Strike 2-2: SINGLE (Groundball, 13S, EV 70.0 MPH) (infield hit) Matt Glover to third
|
|
Pitching: RHP Brian Jarrett
|
|
|
Batting: LHB Alex Ramos
|
0-0: Foul Ball, location: 2F 0-1: Ball 1-1: Ball 2-1: Foul Ball, location: 2F 2-2: Foul Ball, location: 2F 2-2: Ball 3-2: Fly out, F9 (Line Drive, 9, EV 105.6 MPH) Runner from 3rd tags up, SCORES, throw by RF
|
|
Batting: RHB Tony Camacho
|
0-0: Ball 1-0: Called Strike 1-1: Called Strike 1-2: Strikes out looking
|
| Top of the 7th over - 1 run, 1 hit, 0 errors, 1 left on base; Columbus 3 - Paris 1 |
| BOTTOM OF THE 7TH |
|
Paris Cubs batting - Pitching for Columbus Reds : RHP Toyohiro Nakagawa
|
|
Now at 1B: Ji-an See-to
|
|
|
Batting: RHB Jason Banks
|
0-0: Ball 1-0: Ball 2-0: Ball 3-0: Called Strike 3-1: Swinging Strike 3-2: Strikes out swinging
|
|
Batting: LHB Bobby Marlatt
|
0-0: Ball 1-0: Fly out, F8 (Flyball, 78S, EV 90.0 MPH)
|
|
Batting: RHB Mike Prado
|
0-0: Called Strike 0-1: Ball 1-1: Fly out, F8 (Flyball, 89M, EV 78.1 MPH)
|
| Bottom of the 7th over - 0 runs, 0 hits, 0 errors, 0 left on base; Columbus 3 - Paris 1 |
| TOP OF THE 8TH |
|
Columbus Reds batting - Pitching for Paris Cubs : RHP Brian Jarrett
|
|
Batting: RHB Aaron Barraza
|
0-0: Called Strike 0-1: Ball 1-1: Fly out, F9 (Flyball, 9LS, EV 83.8 MPH)
|
|
Batting: RHB Matt Carman
|
0-0: Foul Ball, location: 2F 0-1: Foul Ball, location: 2F 0-2: Strikes out swinging
|
|
Batting: SHB Bill Dissette
|
0-0: Swinging Strike 0-1: Ball 1-1: Foul Ball, location: 2F 1-2: Strikes out swinging
|
| Top of the 8th over - 0 runs, 0 hits, 0 errors, 0 left on base; Columbus 3 - Paris 1 |
| BOTTOM OF THE 8TH |
|
Paris Cubs batting - Pitching for Columbus Reds : RHP Toyohiro Nakagawa
|
|
Batting: RHB Willie Rubio
|
0-0: Ball 1-0: Called Strike 1-1: Ground out 3-1 (Groundball, 34S, EV 80.0 MPH)
|
|
Pinch Hitting: LHB Don Crockett
|
0-0: Ball 1-0: Ball 2-0: Called Strike 2-1: SINGLE (Groundball, 34D, EV 96.2 MPH)
|
|
Pitching: RHP Jaiden Triplett
|
|
|
Batting: LHB Jeremy Rideout
|
0-0: Fly out, F8 (Flyball, 8RM, EV 90.0 MPH)
|
|
Batting: LHB David Mendez
|
0-0: Ball 1-0: Ball 2-0: Ball 3-0: Called Strike 3-1: Fly out, F8 (Flyball, 8LXD, EV 91.2 MPH)
|
| Bottom of the 8th over - 0 runs, 1 hit, 0 errors, 1 left on base; Columbus 3 - Paris 1 |
| TOP OF THE 9TH |
|
Columbus Reds batting - Pitching for Paris Cubs : RHP Brian Jarrett
|
|
Now at 3B: Jorge Robles
|
|
|
Batting: SHB Colin Black
|
0-0: Fly out, F9 (Flyball, 89S, EV 92.5 MPH)
|
|
Batting: RHB Ji-an See-to
|
0-0: Ball 1-0: Swinging Strike 1-1: Ball 2-1: Ground out 5-3 (Groundball, 56S, EV 64.4 MPH)
|
|
Batting: RHB Nick Partain
|
0-0: Called Strike 0-1: Ball 1-1: Ground out 6-3 (Groundball, 6S, EV 69.4 MPH)
|
| Top of the 9th over - 0 runs, 0 hits, 0 errors, 0 left on base; Columbus 3 - Paris 1 |
| BOTTOM OF THE 9TH |
|
Paris Cubs batting - Pitching for Columbus Reds : RHP Jaiden Triplett
|
|
Pinch Hitting: LHB Tyler Schuettler
|
0-0: Ball 1-0: Ball 2-0: SINGLE (Groundball, 6MS, EV 64.4 MPH) (infield hit)
|
|
Batting: LHB Cameron Marinelli
|
0-0: Foul Ball, location: 2F 0-1: Swinging Strike 0-2: Ball 1-2: Ball 2-2: Foul Ball, location: 2F 2-2: Foul Ball, location: 2F 2-2: Ball 3-2: Fielders Choice at 2nd, 1-6 (Groundball, P, EV 65.0 MPH)
|
|
Batting: RHB Jason Banks
|
0-0: Called Strike 0-1: Fielders Choice at 2nd, 4-6 (Groundball, 4, EV 90.6 MPH)
|
|
Batting: LHB Bobby Marlatt
|
0-0: Ball 1-0: Ball 2-0: Called Strike 2-1: Ball 3-1: Foul Ball, location: 2F 3-2: Foul Ball, location: 2F 3-2: Strikes out looking
|
| Bottom of the 9th over - 0 runs, 1 hit, 0 errors, 1 left on base; Columbus 3 - Paris 1 |
|